 Dungeon Crawl Stone Soup version 0.28-a0-938-gbc3f381ebc (webtiles) character file.

Game seed: 9099563820291142725

711 Hipnos the Magician (level 8, 0/84 HPs)
             Began as a Djinni Ice Elementalist on Nov 28, 2021.
             Was an Initiate of Makhleb.
             Slain by a hornet zombie (4 damage)
             ... on level 5 of the Dungeon.
             The game lasted 00:11:49 (5808 turns).

Hipnos the Magician (Djinni Ice Elementalist)       Turns: 5808, Time: 00:11:50

Health: 0/84       AC: 10    Str:  7    XL:     8   Next: 0%
Gold:   164        EV: 12    Int: 19    God:    Makhleb [......] SH:  0 Dex: 16

rFire   + + .      SeeInvis .   q - +9 dagger "Qativ" {drain, rCorr}
rCold   x . .      Faith    .   (no shield)
rNeg    . . .      Spirit   .   n - +1 robe "Umnismoreul" {Dex+2}
rPois   ∞          Reflect  .   (no helmet)
rElec   .          Harm     .   (no cloak)
rCorr   +          Rampage  .   (no gloves)
Will    .....                   (boots unavailable)
Stlth   ..........              (no amulet)
HPRegen 0.24/turn               (no ring)
MPRegen 0.00/turn               (no ring)

@: berserking, ice-armoured, freezing walls, flying, very quick
A: sickness immunity, fire resistance 2, cold vulnerability 1, float, innate
caster, hp casting, extra vitality 1
a: Renounce Religion


You were on level 5 of the Dungeon.
You worshipped Makhleb.
Makhleb was noncommittal.
You visited 1 branch of the dungeon, and saw 5 of its levels.

You collected 164 gold pieces.

Inventory:

Hand Weapons
 e - a +0 hand axe of electrocution
 f - a +1 whip of freezing
 q - the +9 dagger "Qativ" (weapon) {drain, rCorr}
   (You found it on level 4 of the Dungeon)

   A truly terrible weapon, it drains the life of any living foe it strikes.
   rCorr:     It protects you from acid and corrosion.
Armour
 a - a +0 robe
 n - the +1 robe "Umnismoreul" (worn) {Dex+2}
   (You found it on level 4 of the Dungeon)

   Dex:       It affects your dexterity (+2).
Magical Staves
 u - a staff of air
Wands
 l - a wand of polymorph (9)
Scrolls
 j - a scroll of noise {unknown}
 m - a scroll of fog {unknown}
 r - a scroll of vulnerability {unknown}
 t - a scroll of teleportation {unknown}
 v - 2 scrolls of magic mapping {unknown}
Potions
 b - a potion of attraction {unknown}
 c - 3 potions of curing {unknown}
 d - 2 potions of berserk rage
 g - a potion of invisibility
 h - 3 potions of flight {unknown}
 i - 2 potions of haste {unknown}
 k - a potion of ambrosia {unknown}
 o - 2 potions of lignification {unknown}
 p - a potion of resistance {unknown}
 s - a potion of degeneration {unknown}


   Skills:
 * Level 3.1 Fighting
 + Level 0.3 Short Blades
 - Level 1.0 Maces & Flails
 + Level 2.5 Dodging
 - Level 1.5 Stealth
 + Level 6.3 Spellcasting


You had 3 spell levels left.
You knew the following spells:

 Your Spells              Type           Power      Damage    Failure   Level
a - Freeze                Ice            100%       1d11      1%          1
b - Frozen Ramparts       Ice            60%        1d8       2%          3
c - Ozocubu's Armour      Ice            30%        N/A       2%          3
d - Hailstorm             Conj/Ice       30%        3d8       8%          4
e - Pain                  Necr           100%       1d9       1%          1
f - Call Imp              Summ           30%        N/A       1%          2
g - Blink                 Tloc           60%        N/A       1%          2
Your spell library was empty.

Dungeon Overview and Level Annotations

Branches:
Dungeon (5/15)
 Temple: D:4-7

Altars:
Elyvilon
Fedhas
Makhleb
Sif Muna
Uskayaw
Vehumet
The Shining One


Innate Abilities, Weirdness & Mutations

You are immune to sickness and miasma.
You are immune to poison.
Your flesh is very heat resistant. (rF++)
You are vulnerable to cold. (rC-)
You float through the air rather than walking.
You learn spells naturally, not from books.
Your magical power is your life essence.
You have superior vitality. (+4 HP)


Message History

Confirm with . or Enter, or press ? or * to list all spells.
Aiming: Freeze (safe; 1% risk of failure)
Press: ? - help, Shift-Dir - straight line, f/p - hornet zombie
Aim: a hornet zombie (severely damaged)
You freeze the hornet zombie but do no damage.
The hornet zombie completely resists.
The hornet zombie closely misses you.
Unknown command.
Casting: Freeze (safe; 1% risk of failure)
Confirm with . or Enter, or press ? or * to list all spells.
Aiming: Freeze (safe; 1% risk of failure)
Press: ? - help, Shift-Dir - straight line, f/p - hornet zombie
Aim: a hornet zombie (severely damaged)
You freeze the hornet zombie.
The hornet zombie resists.
The hornet zombie is severely damaged.
The hornet zombie hits you.
Unknown command.
Casting: Freeze (safe; 1% risk of failure)
Confirm with . or Enter, or press ? or * to list all spells.
Casting: Frozen Ramparts (dangerous; 2% risk of failure)
Press: ? - help, Dir - look around, f - activate The walls around you are covered in ice.
The hornet zombie completely resists.
The wall freezes the hornet zombie but does no damage.
The hornet zombie hits you!
* * * LOW HITPOINT WARNING * * *
The hornet zombie completely resists.
The wall freezes the hornet zombie but does no damage.
The hornet zombie closely misses you.
A red film seems to cover your vision as you go berserk!
You feel yourself moving faster!
You feel mighty!
The hornet zombie completely resists.
The wall freezes the hornet zombie but does no damage.
The hornet zombie hits you.
* * * LOW HITPOINT WARNING * * *
You barely miss the hornet zombie.
The hornet zombie is severely damaged.
The hornet zombie completely resists.
The wall freezes the hornet zombie but does no damage.
The hornet zombie hits you.
You die...

..... .#.# ...# ..##
...# #.. #Z# ##@#
###..# ##....#####
#..........>
#.....###### ..
#...#.# ..# #...#.#
#########.##
#...#.###...........
#......##........#


You could see a hornet zombie.

Vanquished Creatures
  An ice beast (D:5)
  2 black bears
  A scorpion (D:4)
  2 centaur skeletons (D:5)
  3 iguanas
  A hound skeleton (D:3)
  3 gnolls (D:5)
  4 adders
  2 worms (D:2)
  2 dart slugs
  4 orcs
  7 bats
  5 endoplasms
  7 giant cockroaches
  7 goblins
  6 hobgoblins
  7 jackals
  4 quokkas
  7 ball pythons
  6 frilled lizards
  6 kobolds
  6 rats
93 creatures vanquished.

Vanquished Creatures (collateral kills)
  A water moccasin zombie (D:5)
1 creature vanquished.

Grand Total: 94 creatures vanquished

Notes
Turn   | Place    | Note
-------+----------+-------------------------------------------
     0 | D:1      | Hipnos the Djinni Ice Elementalist began the quest for the
                  | Orb.
     0 | D:1      | Reached XP level 1. HP: 15/15 MP: 0/0
   314 | D:1      | Reached XP level 2. HP: 17/21 MP: 0/0
   410 | D:1      | Reached skill level 1 in Fighting
   695 | D:1      | Reached XP level 3. HP: 25/27 MP: 0/0
   695 | D:1      | Learned a level 1 spell: Pain
  2215 | D:2      | Reached skill level 4 in Spellcasting
  2256 | D:2      | Reached XP level 4. HP: 12/32 MP: 0/0
  3312 | D:3      | Noticed a black bear
  3325 | D:3      | Killed a black bear
  3326 | D:3      | Reached XP level 5. HP: 2/38 MP: 0/0
  3326 | D:3      | Learned a level 2 spell: Call Imp
  3646 | D:3      | Reached XP level 6. HP: 32/43 MP: 0/0
  3806 | D:3      | Found a hide-covered altar of Uskayaw.
  3886 | D:3      | Reached skill level 1 in Maces & Flails
  4021 | D:3      | Found a burning altar of Makhleb.
  4025 | D:3      | Became a worshipper of Makhleb the Destroyer
  4061 | D:3      | Found a glowing golden altar of the Shining One.
  4064 | D:3      | Found a white marble altar of Elyvilon.
  4161 | D:3      | Reached skill level 5 in Spellcasting
  4635 | D:4      | Found a blossoming altar of Fedhas.
  4646 | D:4      | Identified the +1 robe "Umnismoreul" {Dex+2}
  4717 | D:4      | Noticed a black bear
  4723 | D:4      | Killed a black bear
  4799 | D:4      | Identified the +9 dagger "Qativ" {drain, rCorr}
  4819 | D:4      | Reached XP level 7. HP: 43/49 MP: 0/0
  4819 | D:4      | Learned a level 2 spell: Blink
  5205 | D:5      | Entered Level 5 of the Dungeon
  5278 | D:5      | Reached skill level 6 in Spellcasting
  5549 | D:5      | Identified the +8 spear of Laceg {vorpal, Str+2}
  5730 | D:5      | Reached XP level 8. HP: 45/56 MP: 0/0
  5807 | D:5      | HP: 4/84 [hornet zombie (6)]
  5808 | D:5      | Slain by a hornet zombie

Illustrated notes

Levels and vault maps discovered:
D:1:      dpeg_arrival_concentric_ovals, layout_basic, minmay_hedge_maze,
          chequers_serial_rivers_small_3
D:2:      layout_loops_cross, minmay_pentomino_x4
D:3:      layout_rooms, old_standard_altar, grunt_temple_overflow_cloverleaf,
          minmay_circle_x
D:4:      layout_rooms, nicolae_overflow_crystal_walls,
          mainiacjoe_overflow_tiny_flanked
D:5:      layout_rooms, nicolae_figureground_sparkle

Skill      XL: |  1  2  3  4  5  6  7 |
---------------+----------------------+-----
Fighting       | 1 2 3 |  3.1
Spellcasting   | 4 5 6 |  6.3
Maces & Flails | 1 |  1.0
Short Blades   | |  0.3
Dodging        | |  2.5
Stealth        | |  1.5

Action                   |  1- 3 |  4- 6 |  7- 9 || total
-------------------------+-------+-------+-------++-------
Melee: Unarmed           |     9 |       |       ||     9
       Whip              |       |    20 |       ||    20
       Hand axe          |       |     2 |       ||     2
       Dagger            |       |       |    37 ||    37
 Cast: Freeze            |    43 |     2 |     3 ||    48
       Pain              |    29 |    53 |    21 ||   103
       Frozen Ramparts   |     1 |     6 |     6 ||    13
       Ozocubu's Armour  |     1 |     5 |     6 ||    12
       Call Imp          |       |       |     1 ||     1
  Use: Scroll            |     1 |     2 |       ||     3
       Potion            |       |       |     1 ||     1
Armor: Robe              |    10 |    15 |    17 ||    42
Dodge: Dodged            |    38 |    22 |    27 ||    87

Table legend: (Time is in decaauts)
 A = Elapsed time spent in this place.
 B = Non-inter-level travel time spent in this place.
 C = Inter-level travel time spent in this place.
 D = Time resting spent in this place.
 E = Time spent auto-exploring this place.
 F = Levels seen in this place.
 G = Mean time per level.
                   A        B        C        D        E       F      G
               +--------+--------+--------+--------+--------+-----+--------+
         Total |   5807 |   5721 |     86 |      0 |   5017 |   5 | 1161.4 |
       Dungeon |   5807 |   5721 |     86 |      0 |   5017 |   5 | 1161.4 |
               +--------+--------+--------+--------+--------+-----+--------+

Top non-repeatable levels by time:
     D:2: 1795 daAuts
     D:1: 1424 daAuts
     D:3: 1305 daAuts
     D:4: 679 daAuts
     D:5: 602 daAuts
